 Dungeon Crawl Stone Soup version 0.31-a0-162-gc4c5a43528 (webtiles) character file.

Game seed: 587350880425145194

216 qw the Chopper (level 5, -5/33 HPs)
             Began as a Gargoyle Fighter on June 12, 2023.
             Slain by an ogre
             ... wielding a +0 giant club
              (27 damage)
             ... on level 4 of the Dungeon.
             The game lasted 00:01:10 (2324 turns).

qw the Chopper (Gargoyle Fighter)                   Turns: 2324, Time: 00:01:11

Health: -5/33      AC: 13    Str: 22    XL:     5   Next: 93%
Magic:  5/5        EV:  8    Int:  8    God:
Gold:   20         SH:  4    Dex:  9    Spells: 4/4 levels left

rFire   . . .        Y - +0 war axe
rCold   . . .        c - +0 buckler
rNeg    + . .        i - +0 chain mail
rPois   inf          (no helmet)
rElec   +            (no cloak)
rCorr   .            (no gloves)
SInv    .            (no boots)
Will    .....        (no amulet) Stlth
                     (no ring)
HPRegen 0.25/turn    (no ring)
MPRegen 0.09/turn

%: no passive effects
@: no status effects
A: sickness immunity, AC +4, negative energy resistance 1, electricity
resistance, torment resistance 1, petrification resistance
a: no special abilities


You were on level 4 of the Dungeon.
You visited 1 branch of the dungeon, and saw 4 of its levels.

You collected 174 gold pieces.
You spent 154 gold pieces at shops.


Innate Abilities, Weirdness & Mutations

You are immune to sickness and miasma.
Your stone body is resilient. (AC +4)
You are immune to poison.
You resist negative energy. (rN+)
You are resistant to electric shocks. (rElec)
You are resistant to unholy torment.
You are immune to petrification.


   Skills:
 - Level 4.1 Fighting
 + Level 5.0 Axes
 - Level 3.2 Armour
 - Level 3.2 Shields


You had 4 spell levels left.
You didn't know any spells.
Your spell library was empty.

Inventory:

Hand Weapons
 g - a +0 whip
 Y - a +0 war axe (weapon)
Armour
 c - a +0 buckler (worn)
 i - a +0 chain mail (worn)
 l - a +0 helmet
 m - a +0 cloak
Scrolls
 b - a scroll of teleportation
 j - a scroll of identify
 n - a scroll of revelation {unknown}
Potions
 a - a potion of cancellation {unknown}
 d - a potion of might
 e - a potion of degeneration {unknown}
 f - 2 potions of curing
 h - a potion of heal wounds {unknown}
 k - a potion of brilliance {unknown}

Dungeon Overview and Level Annotations

Branches:
Dungeon (4/15)
 Temple: D:4-7

Altars:

Shops:
D:4 *


Message History

Enter note:
Enter note:
Enter note:
Enter note:
Enter note:
Enter note: An ogre is nearby!
Enter note:
Enter note:
Enter note:
Enter note: A gnoll comes into view. It is wielding a +0 spear.
You hit the ogre.
The ogre is lightly wounded.
The ogre hits you with a +0 giant club!
You slash the ogre!
The ogre is heavily wounded.
The ogre completely misses you.
You hit the ogre.
The ogre is heavily wounded.
A gnoll comes into view. It is wielding a +0 club.
The ogre barely misses you.
You hit the ogre.
The ogre is heavily wounded.
You hit the ogre.
The ogre is severely wounded.
The ogre barely misses you. You block the gnoll's attack.
You hit the ogre.
The ogre is severely wounded.
A gnoll comes into view. It is wielding a +0 whip.
The gnoll hits you but does no damage.
A gnoll comes into view. It is wielding a +0 club.
The ogre barely misses you.
You completely miss the ogre.
The ogre is severely wounded.
The gnoll shouts! x2
The gnoll hits you but does no damage.
The ogre hits you with a +0 giant club!!
Ouch! That really hurt!
You die...

.#...........#.#.#...............
.#.#.#...#.#.#...#.#.#.##.#.#.#.#
...#.#.#...........#.##.#.#.#.#
##.......##.....##...##.#...#.#
....#...........#...##.###.#.#
#....#....#.###.##...##.# ..#..
.... #...........#>#.##.# #####
......##.....##...##.#
#.#.#.....O@.....#
#...#.#.#...#.#..# ........#g#.#
.... .....##..g.## ... .. ....#
... #...[# .#


gg.... . .##. You could see an ogre and 4 gnolls.

Vanquished Creatures
  A scorpion (D:4)
  A jelly (D:4)
  A sleepcap (D:4)
  Jessica (D:2)
  Robin (D:4)
  A worm (D:3)
  An orc (D:4)
  8 ball pythons
  5 endoplasms
  3 giant cockroaches
  7 goblins
  6 hobgoblins
  5 jackals
  3 kobolds
  5 bats
  3 frilled lizards (D:1)
52 creatures vanquished.

Notes
Turn   | Place    | Note
-------+----------+-------------------------------------------
     0 | D:1      | qw the Gargoyle Fighter began the quest for the Orb.
     0 | D:1      | Reached XP level 1. HP: 14/14 MP: 1/1
     0 | D:1      | 0 ||| qw: Version: 0.2-a-29-gc1b59c4
     0 | D:1      | 0 ||| qw: Game counter: 4333
     0 | D:1      | 0 ||| qw: Always use a shield: true
     0 | D:1      | 0 ||| qw: God list: Okawaru
     0 | D:1      | 0 ||| qw: Allow faded altars: false
     0 | D:1      | 0 ||| qw: Do Orc after D:15 true
     0 | D:1      | 0 ||| qw: Do second Lair branch before Depths: true
     0 | D:1      | 0 ||| qw: Lair rune preference: random
     0 | D:1      | 0 ||| qw: Plans: Normal, Zot:1-4, Slime:5, God:TSO, Crypt,
                  | Tomb, Abyss, Pan, Hells, Win
     0 | D:1      | 0 ||| PLANNING D:1-11
   100 | D:1      | Reached skill level 2 in Axes
   278 | D:1      | Reached XP level 2. HP: 16/19 MP: 2/2
   473 | D:1      | 473 ||| Stepping ~*~*~tactically~*~*~ (stealth).
   479 | D:1      | 479 ||| Stepping ~*~*~tactically~*~*~ (stealth).
   480 | D:1      | 480 ||| Stepping ~*~*~tactically~*~*~ (stealth).
   481 | D:1      | 481 ||| Stepping ~*~*~tactically~*~*~ (stealth).
   482 | D:1      | 482 ||| Stepping ~*~*~tactically~*~*~ (stealth).
   539 | D:1      | 539 ||| Stepping ~*~*~tactically~*~*~ (stealth).
   563 | D:1      | 563 ||| DROPPING +0 club.
   775 | D:1      | Found a faded altar of an unknown god.
   782 | D:1      | 782 ||| READING scroll labelled ANUIPRE DOCHIN.
   786 | D:1      | 786 ||| READING scroll labelled REUSEUS HEOTE.
   881 | D:2      | Reached skill level 3 in Axes
   990 | D:2      | Reached XP level 3. HP: 23/23 MP: 3/3
  1141 | D:2      | Noticed Jessica
  1142 | D:2      | 1142 ||| Stepping ~*~*~tactically~*~*~ (hiding).
  1143 | D:2      | 1143 ||| Stepping ~*~*~tactically~*~*~ (hiding).
  1153 | D:2      | Killed Jessica
  1289 | D:2      | Reached XP level 4. HP: 28/28 MP: 4/4
  1434 | D:2      | 1434 ||| UPGRADING to +0 chain mail.
  1444 | D:2      | 1444 ||| DROPPING +0 scale mail.
  1445 | D:2      | 1445 ||| READING 2 scrolls labelled KAEHATS NIFE.
  1446 | D:2      | 1446 ||| DROPPING scroll of immolation.
  1469 | D:3      | Found Ymifruni's Antique Armour Boutique.
  1541 | D:3      | 1541 ||| Stepping ~*~*~tactically~*~*~ (stealth).
  1852 | D:3      | 1852 ||| Stepping ~*~*~tactically~*~*~ (stealth).
  1861 | D:3      | 1861 ||| Stepping ~*~*~tactically~*~*~ (stealth).
  1938 | D:3      | Reached skill level 4 in Axes
  1997 | D:3      | 1997 ||| READING scroll labelled UMURU UPETUBO.
  1998 | D:3      | 1998 ||| READING 2 scrolls labelled XUTSIP XOYSS.
  1999 | D:3      | 1999 ||| DRINKING 3 golden potions.
  2117 | D:4      | Noticed a scorpion
  2125 | D:4      | Killed a scorpion
  2126 | D:4      | Reached skill level 5 in Axes
  2126 | D:4      | Reached XP level 5. HP: 26/32 MP: 5/5
  2158 | D:4      | 2158 ||| Stepping ~*~*~tactically~*~*~ (stealth).
  2167 | D:4      | Noticed Robin
  2177 | D:4      | Killed Robin
  2205 | D:4      | Found Qazo's Assorted Antiques.
  2214 | D:4      | 2214 ||| BUYING cloak (126 gold).
  2214 | D:4      | Bought a cloak for 126 gold pieces
  2214 | D:4      | 2214 ||| SHOPLISTING notched gilded ring (140 gold, have
                  | 48).
  2214 | D:4      | 2214 ||| BUYING scroll labelled VAL INUIXAHER (28 gold).
  2214 | D:4      | Bought a scroll labelled VAL INUIXAHER for 28 gold pieces
  2214 | D:4      | 2214 ||| SHOPLISTING scroll of teleportation (84 gold, have
                  | 20).
  2214 | D:4      | 2214 ||| SHOPLISTING translucent cloak (266 gold, have 20).
  2250 | D:4      | 2250 ||| Stepping ~*~*~tactically~*~*~ (stealth).
  2260 | D:4      | 2260 ||| FLEEEEING.
  2262 | D:4      | 2262 ||| Stepping ~*~*~tactically~*~*~ (hiding).
  2263 | D:4      | 2263 ||| Stepping ~*~*~tactically~*~*~ (hiding).
  2264 | D:4      | 2264 ||| Stepping ~*~*~tactically~*~*~ (hiding).
  2309 | D:4      | Noticed an ogre
  2324 | D:4      | Slain by an ogre

Levels and vault maps discovered:
D:1:      wheals_arrival_linesprint, layout_rooms,
          dilly_ecumenical_altar_fadedgnrine, minmay_tall_x
D:2:      layout_loops_cross, uniq_jessica
D:3:      layout_basic, serial_shops, shop_fountains
D:4:      nicolae_cairo_tiling_large_dashed, layout_basic,
          mainiacjoe_overflow_six_doors_small, serial_shops, shop, shop,
          uniq_robin, uniq_eustachio

Skill      XL: |  1  2  3  4  5 |
---------------+----------------+-----
Axes           | 2 3 5 |  5.0
Fighting       | 4 |  4.1
Armour         | |  3.2
Shields        | |  3.2

Action                     |  1- 3 |  4- 6 || total
---------------------------+-------+-------++-------
  Melee: War axe           |    97 |    67 ||   164
    Use: Scroll            |     2 |     3 ||     5
         Potion            |       |     1 ||     1
 Armour: Scale mail        |    48 |     4 ||    52
         Chain mail        |       |    33 ||    33
  Dodge: Dodged            |    42 |    17 ||    59
  Block: Buckler           |    22 |    10 ||    32

Table legend:
 A = Non-vault XP
 B = Vault XP
 C = Vault XP percentage of total XP
 D = Non-vault monster count
 E = Vault monster count
 F = Vault count percentage of total count
                 A         B        C        D         E       F
            +---------+---------+-------+---------+---------+-------
      Total |     238 |      71 |  23.0 |      40 |      12 |  23.1
            +---------+---------+-------+---------+---------+-------
        D:1 |      19 |       6 |  24.0 |      11 |       4 |  26.7
        D:2 |      23 |      37 |  61.7 |      13 |       1 |   7.1
        D:3 |      18 |       0 |   0.0 |       8 |       0 |   0.0
        D:4 |     178 |      28 |  13.6 |       8 |       7 |  46.7
            +---------+---------+-------+---------+---------+-------
